 Dungeon Crawl Stone Soup version 0.25-a0-1073-gf4359a17dd (webtiles) character file.

Game seed: 2417761263508881447, levelgen mode: deterministic

15 Esekla the Magician (level 2, 0/18 HPs)
             Began as an Octopode Wizard on May 14, 2020.
             Succumbed to an adder's poison
             ... on level 3 of the Dungeon.
             The game lasted 00:05:53 (585 turns).

Esekla the Magician (Octopode Wizard)                Turns: 585, Time: 00:05:53

Health: 0/18       AC:  1    Str:  4    XL:     2   Next: 50%
Magic:  6/6        EV: 13    Int: 20    God:
Gold:   45         SH:  0    Dex: 10    Spells: 4/7 levels left

rFire    . . .     SeeInvis .   b - +0 short sword
rCold    + . .     Gourm    .   (no shield)
rNeg     . . .     Faith    .   a - +0 hat
rPois    .         Spirit   .   h - amulet of inaccuracy (curse)
rElec    .         Reflect  .   (no ring)
rCorr    .         Harm     .   (no ring)
MR       .....                  (no ring)
Stlth    +++.......             (no ring)
HPRegen  0.06/turn              (no ring)
MPRegen  0.10/turn              (no ring)
                                (no ring)
                                (no ring)

@: lethally poisoned (0 -> -1), flying (expiring)
A: almost no armour, stealthy swim, amphibious, 8 rings, constrict 8, camouflage
1, cold resistance 1, weak 1, gelatinous body 1, evolution 1, subdued magic 1
a: no special abilities


You were on level 3 of the Dungeon.
You were not hungry.

You visited 1 branch of the dungeon, and saw 3 of its levels.

You collected 45 gold pieces.

Inventory:

Hand Weapons
 b - a +0 short sword (weapon)
Armour
 a - a +0 hat (worn)
Jewellery
 h - a cursed amulet of inaccuracy (around mantle)
Comestibles
 c - a ration


   Skills:
 * Level 0.9 Fighting
 + Level 2.0 Dodging
 - Level 2.6 Stealth
 * Level 3.4 Spellcasting
 + Level 1.0 Conjurations
   Level 1.0 Summonings
 * Level 1.0 Translocations


You had 4 spell levels left.
You knew the following spells:

 Your Spells              Type           Power        Failure   Level  Hunger
a - Magic Dart            Conj           #...         7%          1    None
b - Blink                 Tloc           N/A          12%         2    ##.....

Your spell library contained the following spells:

 Spells                   Type           Power        Failure   Level  Hunger
 Call Imp                 Summ           #.......     12%         2    ##.....
 Slow                     Hex            #.......     17%         2    ##.....
 Conjure Flame            Conj/Fire      #.......     28%         3    ###....
 Mephitic Cloud           Conj/Pois/Air  #.......     30%         3    ###....


Dungeon Overview and Level Annotations

Branches:
Dungeon (3/15)

Altars:
Xom
The Shining One

Annotations:
D:2 Terence


Innate Abilities, Weirdness & Mutations

You cannot wear most types of armour.
You are very stealthy in the water. (Stealth+)
You are amphibious.
You can wear up to eight rings at the same time.
You can use your tentacles to constrict eight enemies at once.
Your skin changes colour to match your surroundings (Stealth+).
Your rubbery body absorbs attacks. (AC +1, EV +1)
Your flesh is cold resistant. (rC+)
You are weak. (Str -2)
You evolve.
Your spells are a little easier to cast, but a little less powerful.


Message History

You feel sick. The goblin misses you.
You miss the goblin. Your grab misses the goblin. The goblin barely misses you.
You hit the goblin.
You kill the goblin!
It was a potion of mutation.
You feel extremely strange.
You feel weaker.
Your connection to magic feels subdued.
You feel nature experimenting on you.
Don't worry, failures die fast.
You feel resistant to cold.
* * * LOW HITPOINT WARNING * * *
You feel sick.
Things that are here:
a +0 dagger; a goblin corpse You see here 7 gold pieces.
* * * LOW HITPOINT WARNING * * *
You feel sick.
You see here a spear.
You are starting to lose your buoyancy.
* * * LOW HITPOINT WARNING * * *
You feel sick.
You die...

###########
..........##
#.######...## #
##.#####....@##.#
...........)...#
##.#####)....#...#
##$.(#.....#
##..........
####.....## #...##
#.## .#


There were no monsters in sight!

Vanquished Creatures
  An ooze (D:1)
  A leopard gecko (D:1)
  2 goblins
  4 bats
  3 frilled lizards
  A rat (D:1)
12 creatures vanquished.

Notes
Turn   | Place    | Note
-------+----------+-------------------------------------------
     0 | D:1      | Esekla the Octopode Wizard began the quest for the Orb.
     0 | D:1      | Reached XP level 1. HP: 11/11 MP: 4/4
   212 | D:2      | Noticed Terence
   325 | D:1      | Reached XP level 2. HP: 11/18 MP: 0/6
   434 | D:1      | Learned a level 2 spell: Blink
   516 | D:2      | Found a glowing golden altar of the Shining One.
   560 | D:3      | Found a shimmering altar of Xom.
   573 | D:3      | Gained mutation: You are weak. (Str -2) [potion of
                  | mutation]
   573 | D:3      | Gained mutation: Your spells are a little easier to cast,
                  | but a little less powerful. [potion of mutation]
   573 | D:3      | Gained mutation: You evolve. [potion of mutation]
   573 | D:3      | Gained mutation: Your flesh is cold resistant. (rC+)
                  | [potion of mutation]
   585 | D:3      | Succumbed to an adder's poison

Illustrated notes

Levels and vault maps discovered:
D:1:      moated_graveyard_arrival, layout_basic, chequers_serial_rivers_room_b,
          bh_walls_and_bars
D:2:      layout_rooms, tso_oasis_becter, first_ration, minmay_misc_feat_chi,
          uniq_terence
D:3:      layout_loops_ring, xom_teletrap_fun

Action                   || total
-------------------------++-------
Melee: Short sword       ||    29
       Constrict         ||     3
 Cast: Magic Dart        ||    12
       Blink             ||     1
  Use: Potion            ||     5
       Scroll            ||     1
 Stab: Sleeping          ||     4
Armor: Skin              ||    11
Dodge: Dodged            ||    48

Table legend:
 A = Non-vault XP
 B = Vault XP
 C = Vault XP percentage of total XP
 D = Non-vault monster count
 E = Vault monster count
 F = Vault count percentage of total count
                 A         B        C        D         E       F
            +---------+---------+-------+---------+---------+-------
      Total |      22 |       0 |   0.0 |      12 |       0 |   0.0
            +---------+---------+-------+---------+---------+-------
        D:1 |      18 |       0 |   0.0 |       9 |       0 |   0.0
        D:2 |       2 |       0 |   0.0 |       2 |       0 |   0.0
        D:3 |       2 |       0 |   0.0 |       1 |       0 |   0.0
            +---------+---------+-------+---------+---------+-------
